Match 45362624
Unlisted

Match 45362624
End
Panzergrenadier Squad
Selects Italian Infantry
Panzergrenadier Squad
250 Light Carrier
Construct Light Support Kompanie
MG34 Team
Combat Half-tracks
Panzerjäger Mechanized Group
Fire Support Elements
Construct Panzerarmee Kommand
2.5-tonne Medical Truck
Panzer III L Medium Tank
Selects Guastatori Squad
Guastatori Squad
Panzer III L Medium Tank
Emergency Repair Kits
Vehicle Survival Package
Gumshoe.Cambro
jiro
bobik
Diesel
0
0

Comments sign in to comment!

No comments posted yet!